 Dungeon Crawl Stone Soup version 0.23.2-40-g277498a001 (webtiles) character file.

Game seed: 6878592684279710570

469 Curus the Twirler (level 7, -1/40 HPs)
             Began as a Gargoyle Gladiator on Oct 21, 2019.
             Was an Initiate of Okawaru.
             Slain by an orc warrior
             ... wielding a +0 dire flail
              (15 damage)
             ... on level 4 of the Dungeon.
             The game lasted 00:15:06 (2738 turns).

Curus the Twirler (Gargoyle Gladiator)              Turns: 2738, Time: 00:15:07

Health: -1/40      AC: 21    Str: 17    XL:     7   Next: 9%
Magic:  7/7        EV:  5    Int:  9    God:    Okawaru [......]
Gold:   195        SH:  0    Dex: 13    Spells: 6/6 levels left

rFire    . . .     SeeInvis .   a - +2 quarterstaff
rCold    . . .     Gourm    .   (shield currently unavailable)
rNeg     + . .     Faith    .   h - +2 plate armour
rPois    ∞         Spirit   .   c - +1 helmet
rElec    +         Reflect  .   (no cloak)
rCorr    .         Harm     .   (no gloves)
MR       .....                  (no boots)
Stlth    ..........             j - amulet of regeneration
HPRegen  0.53/turn              p - +3 ring of protection
MPRegen  0.10/turn              (no ring)

@: no status effects
A: negative energy resistance 1, electricity resistance, unbreathing,
petrification resistance, rot immunity, AC +4
a: Renounce Religion


You were on level 4 of the Dungeon.
You worshipped Okawaru.
Okawaru was noncommittal.
You were not hungry.

You visited 1 branch of the dungeon, and saw 4 of its levels.

You collected 195 gold pieces.

Inventory:

Hand Weapons
 a - a +2 quarterstaff (weapon)
Missiles
 d - 6 throwing nets (quivered)
Armour
 b - a +0 leather armour
 c - a +1 helmet (worn)
 h - a +2 plate armour (worn)
 l - a +0 scale mail
 m - a +2 chain mail of cold resistance
Jewellery
 j - an amulet of regeneration (around neck)
 k - an uncursed ring of fire
 p - a +3 ring of protection (left hand)
Scrolls
 e - 9 scrolls of identify
 n - 2 scrolls of remove curse
Potions
 g - 5 potions of curing
 i - a potion of cancellation
Comestibles
 f - 8 rations
 o - a chunk of flesh


   Skills:
 - Level 2.1 Fighting
 + Level 7.8 Staves
 - Level 1.7 Throwing
 - Level 2.4 Dodging


You had 6 spell levels left.
You didn't know any spells.
Your spell library contained the following spells:

 Spells                   Type           Power        Failure   Level  Hunger
 Animate Skeleton         Necr           N/A          100%        1    ##.....
 Apportation              Tloc           #.....       100%        1    ##.....
 Confusing Touch          Hex            #.....       100%        1    ##.....
 Summon Small Mammal      Summ           #...         100%        1    ##.....


Dungeon Overview and Level Annotations

Branches:
Dungeon (4/15)
 Temple: D:4-7

Altars:
Okawaru


Innate Abilities, Weirdness & Mutations

You are resistant to torment.
Your stone body is resilient. (AC +4)
You are immune to poison.
You resist negative energy. (rN+)
You are resistant to electric shocks. (rElec)
You can survive without breathing.
You are immune to petrification.
You are immune to rotting.


Message History

The adder bites you but does no damage.
You closely miss the adder. The adder bites you but does no damage.
Your plate armour prevents you from hitting the adder.
The adder bites you but does no damage.
You miss the adder. The adder barely misses you.
You barely miss the adder. The adder bites you but does no damage.
You hit the adder.
The adder is heavily wounded.
The adder bites you but does no damage. x2
You hit the adder.
The adder is severely wounded.
The adder barely misses you.
You miss the adder.
The adder is severely wounded.
The adder bites you but does no damage.
You hit the adder.
You kill the adder!
Okawaru accepts your kill.
The orc warrior hits you with a +0 dire flail!
You die...

##########.## #.# #####
#...........## #.#
#.#####......#####.# #>#
#............#
#.###.#####.....########
#........##....##
#####.##.......#
#.#####.##.#
#.......##@#
...#######o##
.#..........# #.
.#....#...# .# ....
#..†# ### #.....#
........... ###.....####
#....##


You could see an orc warrior.

Vanquished Creatures
  A sky beast (D:4)
  4 orc priests (D:3)
  A hound (D:4)
  An orc wizard (D:3)
  10 adders
  5 worms
  3 dart slugs
  A leopard gecko (D:1)
  10 orcs
  A ball python (D:2)
  2 giant cockroaches (D:1)
  10 hobgoblins
  4 jackals (D:3)
  13 kobolds
  2 quokkas
  2 bats
  8 frilled lizards
  6 goblins
  5 rats
89 creatures vanquished.

Notes
Turn   | Place    | Note
-------+----------+-------------------------------------------
     0 | D:1      | Curus the Gargoyle Gladiator began the quest for the Orb.
     0 | D:1      | Reached XP level 1. HP: 12/12 MP: 1/1
   137 | D:1      | Reached XP level 2. HP: 17/17 MP: 2/2
   385 | D:1      | Reached skill level 4 in Staves
   453 | D:1      | Reached XP level 3. HP: 18/21 MP: 3/3
  1299 | D:3      | Reached XP level 4. HP: 26/26 MP: 4/4
  1301 | D:3      | Reached skill level 5 in Staves
  1348 | D:3      | Reached XP level 5. HP: 15/30 MP: 5/5
  1717 | D:3      | Found a faded altar of an unknown god.
  1843 | D:3      | Reached skill level 6 in Staves
  1987 | D:3      | Reached XP level 6. HP: 26/35 MP: 6/6
  2069 | D:3      | Reached skill level 7 in Staves
  2074 | D:3      | Found an iron altar of Okawaru.
  2100 | D:3      | Became a worshipper of Warmaster Okawaru
  2687 | D:4      | Noticed a sky beast
  2700 | D:4      | Killed a sky beast
  2714 | D:4      | Reached XP level 7. HP: 40/40 MP: 7/7
  2738 | D:4      | Slain by an orc warrior

Skill      XL: |  1  2  3  4  5  6 |
---------------+-------------------+-----
Staves         | 4 5 6 7 |  7.8
Fighting       | |  2.1
Throwing       | |  1.7
Dodging        | |  2.4

Action                   |  1- 3 |  4- 6 |  7- 9 || total
-------------------------+-------+-------+-------++-------
Melee: Quarterstaff      |   103 |   151 |    19 ||   273
  Use: Scroll            |     9 |     2 |       ||    11
       Potion            |     4 |     2 |       ||     6
  Eat: Chunk             |       |     6 |       ||     6
Armor: Leather armour    |    35 |    25 |       ||    60
       Plate armour      |       |    63 |    11 ||    74
Dodge: Dodged            |    52 |    40 |     5 ||    97
